 Dungeon Crawl Stone Soup version 0.22-a0-142-g91cc6d7 (webtiles) character file.

63 sankara the Covert (level 3, -2/24 HPs)
             Began as a Vampire Enchanter on Feb 5, 2018.
             Was a Believer of Ru.
             Slain by a hobgoblin
             ... wielding a +0 whip
              (7 damage)
             ... while paralysed by a hobgoblin
             ... on level 3 of the Dungeon.
             The game lasted 00:16:14 (3499 turns).

sankara the Covert (Vampire Enchanter)              Turns: 3499, Time: 00:16:14

Health: -2/24      AC:  3    Str:  7    XL:     3   Next: 87%
Magic:  1/6        EV:  2    Int: 17    God:    Ru [**....]
Gold:   103        SH:  0    Dex: 16    Spells: 0/6 levels left

rFire    . . .     SeeInvis +   a - +1 dagger
rCold    . . .     Gourm    .   (no shield)
rNeg     + . .     Faith    .   s - +0 robe
rPois    .         Spirit   .   (no helmet)
rElec    .         Reflect  .   (no cloak)
rCorr    .         Harm     .   n - +0 pair of gloves
MR       .....                  (no boots)
Stlth    ++++......             (no amulet)
HPRegen  0.08/turn              (no ring)
MPRegen  0.10/turn              (no ring)

@: paralysed
A: fangs 3, see invisible, unbreathing, inexperienced 1
a: Bat Form, Renounce Religion


You were on level 3 of the Dungeon.
You worshipped Ru.
Ru was pleased with you.
You were not thirsty.

You visited 1 branch of the dungeon, and saw 3 of its levels.

You collected 103 gold pieces.

Inventory:

Hand Weapons
 a - a +1 dagger (weapon)
 b - a +0 blowgun
Missiles
 e - 102 stones (quivered)
 r - 20 poisoned needles
Armour
 n - a +0 pair of gloves (worn)
 s - a +0 robe (worn)
Wands
 t - a wand of flame (15)
Scrolls
 i - 2 scrolls of blinking {unknown}
 j - a scroll of amnesia {unknown}
 k - a scroll of remove curse {unknown}
 l - a scroll of magic mapping {unknown}
 o - a scroll of enchant weapon {unknown}
 p - a scroll of immolation {unknown}
Potions
 d - 21 potions of blood
 f - 2 potions of might {unknown}
 g - a potion of degeneration {unknown}
 m - a potion of brilliance {unknown}
 q - a potion of curing {unknown}
Books
 c - a book of Maledictions

   Spells                             Type                      Level
   a - Corona                         Hexes                        1
   b - Ensorcelled Hibernation        Hexes/Ice                    2
   c - Confuse                        Hexes                        3
   d - Tukima's Dance                 Hexes                        3
   e - Dazzling Spray                 Conjuration/Hexes            3


   Skills:
 - Level 1.1 Short Blades
 - Level 2.1 Dodging
 + Level 8.0 Stealth
 - Level 2.0 Spellcasting
 + Level 7.0 Hexes
 - Level 1.0 Ice Magic


You couldn't memorise any spells.
You knew the following spells:

 Your Spells              Type           Power        Failure   Level  Hunger
a - Corona                Hex            ####...      1%          1    #......
b - Ensorcelled Hibernat  Hex/Ice        ###...       5%          2    ###....
c - Confuse               Hex            ####....     3%          3    ###....


Dungeon Overview and Level Annotations

Branches:
Dungeon (3/15)

Altars:
Ru

Annotations:
D:3 Robin


Innate Abilities, Weirdness & Mutations

You have razor-sharp teeth.
You have supernaturally acute eyesight. (SInv)
You can survive without breathing.
You are somewhat inexperienced. (-2 XL)


Message History

You closely miss the bat.
The bat is heavily wounded.
The bat hits you but does no damage. The hobgoblin closely misses you.
You hit the bat.
You kill the bat!
The hobgoblin hits you with a whip.
* * * LOW HITPOINT WARNING * * *
Casting: Ensorcelled Hibernation (safe; 5% risk of failure)
Confirm with . or Enter, or press ? or * to list all spells.
You don't have enough magic to cast that spell.
Casting: Ensorcelled Hibernation (safe; 5% risk of failure)
Confirm with . or Enter, or press ? or * to list all spells.
Aiming: Corona (safe; 1% risk of failure)
Press: ? - help, Shift-Dir - straight line, f - hobgoblin
Aim: a hobgoblin, wielding a whip (chance to defeat MR: 80%)
The hobgoblin is outlined in light.
The hobgoblin zaps a wand.
You suddenly lose the ability to move!
It is a wand of paralysis (17).
The dart slug launches a dart at you. The slug dart misses you.
The hobgoblin hits you with a whip!
You die...

###....####.# #.#.
..#.#.....#.###.#.
.....%.##.........#
...................
######.)###.###.###
#..# #.# #.#
#..###.# #.# ≈
#...##.# #g####.≈≈≈
#.#.##.# #.@†...≈≈w
#####.#.##.#
######.≈≈≈
.......#.#.# ≈
####..###..#
##.)#.###
######.#.##
.......#.#
########.# #.#


You could see a dart slug and a hobgoblin.

Vanquished Creatures
  A centaur (D:3)
  An orc priest (D:3)
  Ijyb (D:3)
  3 adders
  3 worms
  3 dart slugs
  A leopard gecko (D:3)
  4 orcs (D:3)
  3 ball pythons
  2 giant cockroaches (D:1)
  10 goblins
  7 hobgoblins
  4 jackals
  2 quokkas
  4 bats
  3 frilled lizards (D:2)
  8 kobolds
  7 rats
67 creatures vanquished.

Notes
Turn   | Place    | Note
-------+----------+-------------------------------------------
     0 | D:1      | sankara the Vampire Enchanter began the quest for the Orb.
     0 | D:1      | Reached XP level 1. HP: 13/13 MP: 3/3
   355 | D:1      | Reached skill level 5 in Stealth
   454 | D:1      | Reached XP level 2. HP: 19/19 MP: 5/5
   460 | D:1      | Learned a level 2 spell: Ensorcelled Hibernation
  1444 | D:2      | Reached skill level 5 in Hexes
  1616 | D:2      | Reached XP level 3. HP: 24/24 MP: 3/6
  1813 | D:1      | Reached skill level 6 in Stealth
  1955 | D:2      | Found a sacrificial altar of Ru.
  1963 | D:2      | Became a worshipper of Ru the Awakened
  2698 | D:2      | Reached skill level 1 in Ice Magic
  2698 | D:2      | Reached XP level 4. HP: 30/30 MP: 7/7
  2827 | D:3      | Noticed a centaur
  2832 | D:3      | Killed a centaur
  2832 | D:3      | Reached skill level 7 in Stealth
  2832 | D:3      | Reached XP level 5. HP: 25/35 MP: 3/8
  3032 | D:3      | Learned a level 3 spell: Confuse
  3356 | D:3      | Noticed Ijyb
  3359 | D:3      | Killed Ijyb
  3359 | D:3      | Reached skill level 8 in Stealth
  3452 | D:3      | Gained mutation: You are somewhat inexperienced. (-2 XL) [Ru sacrifice]
  3452 | D:3      | Reached XP level 4. HP: 30/30 MP: 5/7
  3452 | D:3      | Reached XP level 3. HP: 24/24 MP: 5/6
  3452 | D:3      | Reached * piety under Ru
  3452 | D:3      | Reached ** piety under Ru
  3477 | D:3      | Noticed Robin
  3498 | D:3      | Paralysed by a hobgoblin for 4 turns
  3499 | D:3      | Slain by a hobgoblin

Vault maps used:
D:1:      dpeg_arrival_oval
D:2:      nicolae_ru_path_of_blood
D:3:      kennysheep_slug_shrine, first_ration, uniq_robin, uniq_ijyb

Skill      XL: |  1  2  3  4  5 |
---------------+----------------+-----
Stealth        | 5 6 7 8 |  8.0
Hexes          | 5 6 7 |  7.0
Ice Magic      | 1 |  1.0
Short Blades   | |  1.1
Dodging        | |  2.1
Spellcasting   | |  2.0

Action                   |  1- 3 |  4- 6 || total
-------------------------+-------+-------++-------
Melee: Dagger            |    91 |    21 ||   112
       Bite              |     4 |       ||     4
 Cast: Corona            |    12 |       ||    12
       Ensorcelled Hiber |    26 |     8 ||    34
Invok: Sacrifice Experie |     1 |       ||     1
  Use: Potion            |     4 |     1 ||     5
       Scroll            |     1 |       ||     1
 Stab: Sleeping          |    28 |    21 ||    49
       Distracted        |     1 |       ||     1
Armor: Robe              |    16 |       ||    16
Dodge: Dodged            |    79 |     6 ||    85

Table legend:
 A = Spawn XP
 B = Non-spawn XP
 C = Spawn XP percentage of total XP
 D = Spawn monster count
 E = Non-spawn monster count
 F = Spawn count percentage of total count
 G = Total turns spent on level
                    A         B        C        D         E        F      G
               +---------+---------+-------+---------+---------+-------+---------
         Total |       0 |     350 |   0.0 |       0 |      67 |   0.0 |  3499
               +---------+---------+-------+---------+---------+-------+---------
           D:1 |       0 |      36 |   0.0 |       0 |      21 |   0.0 |  1618
           D:2 |       0 |      68 |   0.0 |       0 |      23 |   0.0 |  1115
           D:3 |       0 |     246 |   0.0 |       0 |      23 |   0.0 |   766
               +---------+---------+-------+---------+---------+-------+---------
